 Dungeon Crawl Stone Soup version 0.29.1-13-g9f3cf754e1 (webtiles) character file.

Game seed: 6689070892892966397

0 BallerZ the Grasshopper (level 1, 0/16 HPs)
             Began as a Formicid Warper on Feb 7, 2023.
             Slain by a kobold
             ... wielding a +4 short sword
              (6 damage)
             ... on level 1 of the Dungeon.
             The game lasted 00:00:54 (45 turns).

BallerZ the Grasshopper (Formicid Warper)             Turns: 45, Time: 00:00:55

Health: 0/16       AC:  3    Str: 15    XL:     1   Next: 11%
Magic:  3/3        EV: 11    Int: 12    God:
Gold:   27         SH:  0    Dex: 13    Spells: 4/4 levels left

rFire   . . .      SeeInvis +   a - +0 mace
rCold   . . .      Faith    .   (no shield)
rNeg    . . .      Spirit   .   b - +0 leather armour
rPois   .          Reflect  .   (helmet unavailable)
rElec   .          Harm     .   (no cloak)
rCorr   .          Rampage  .   (no gloves)
Will    .....                   (no boots)
Stlth   +.........              (no amulet)
HPRegen 0.05/turn               (no ring)
MPRegen 0.08/turn               (no ring)

@: no status effects
A: permanent stasis, dig shafts and tunnels, antennae 3, four strong arms
a: Dig, Shaft Self


You were on level 1 of the Dungeon.
You visited 1 branch of the dungeon, and saw 1 of its levels.

You collected 27 gold pieces.

Inventory:

Hand Weapons
 a - a +0 mace (weapon)
Missiles
 c - 7 boomerangs of dispersal (quivered)
Armour
 b - a +0 leather armour (worn)


   Skills:
 + Level 2.1 Fighting
 + Level 2.0 Maces & Flails
 + Level 1.0 Throwing
 + Level 1.1 Armour
 + Level 1.7 Dodging
 + Level 2.2 Spellcasting
 + Level 2.6 Translocations


You had 4 spell levels left.
You didn't know any spells.
Your spell library contained the following spells:

 Spells                   Type           Power      Damage    Failure   Level
 Gell's Gravitas          Tloc           7%         N/A       32%         3
 Lesser Beckoning         Tloc           7%         N/A       32%         3
 Teleport Other           Tloc           7%         N/A       32%         3
 Manifold Assault         Tloc           7%         N/A       96%         5
 Blink                    Tloc           Unusable   N/A       N/A         2

Dungeon Overview and Level Annotations

Branches:
Dungeon (1/15)

Altars:


Innate Abilities, Weirdness & Mutations

You cannot be hasted, slowed, berserked, paralysed or teleported.
You can dig through walls and to a lower floor.
You have a pair of large antennae on your head. (SInv)
Your four strong arms can wield two-handed weapons with a shield.


Message History

A ball python comes into view.
The ball python hisses angrily.
Found 10 gold pieces.
You hit the ball python.
The ball python is moderately wounded.
The ball python closely misses you. The ball python grabs you.
The ball python constricts you.
You closely miss the ball python.
The ball python is moderately wounded.
The ball python bites you. The ball python constricts you.
The ball python bites you. The ball python constricts you.
You barely miss the ball python.
The ball python is moderately wounded.
The ball python bites you but does no damage.
The ball python constricts you.
You hit the ball python.
The ball python is severely wounded.
The ball python barely misses you. The ball python constricts you.
The ball python bites you. The ball python constricts you.
You hit the ball python.
You kill the ball python!
Okay, then.
Found 8 gold pieces.
You now have 19 gold pieces (gained 10).
A kobold comes into view. It is wielding a +4 short sword.
The kobold shouts!
You hear a bark!
An endoplasm comes into view.
A jackal comes into view.
Found 12 gold pieces.
A goblin comes into view. It is wielding a +0 club.
A jackal comes into view.
A hobgoblin comes into view.
A jackal comes into view.
You see here 8 gold pieces.
You now have 27 gold pieces (gained 8).
The jackal barks! x2; The hobgoblin shouts!
You closely miss the kobold.
The kobold hits you with a +4 short sword.
The jackal closely misses you.
Are you sure you want to shaft yourself?
The kobold hits you with a +4 short sword.
You die...

.........####.#######
...<....###..........
.......####.#.#######
#########.....##
#......#
##.###.######
...##.......#
.........hK...#
..h....#.hh.@...#
....#..#........#
..{......g...$..#
..##........g...#
............#
...#.##......# .###.
#.####.# #. #.# ..


You could see 3 jackals, a hobgoblin, a goblin and a kobold.

Vanquished Creatures
  A ball python (D:1)
1 creature vanquished.

Notes
Turn   | Place    | Note
-------+----------+-------------------------------------------
     0 | D:1      | BallerZ the Formicid Warper began the quest for the Orb.
     0 | D:1      | Reached XP level 1. HP: 16/16 MP: 3/3
    45 | D:1      | Slain by a kobold

Illustrated notes

Levels and vault maps discovered:
D:1:      dreamdust_arrival_beginning_and_end, layout_loops_cross,
          ebering_ecumenical_altar_petrified

Action                   || total
-------------------------++-------
Melee: Mace              ||     6
 Abil: Shaft Self        ||     1
Armor: Leather armour    ||     1
Dodge: Dodged            ||     3
